Perris, chaotic male human Monk ----------------------- --- --.....(%...[..........| --.-- |....-----------..---..-----...-- ---------^%.-- ..| |...........-- -!@.--......| --..-----.|..| ..........).- ---- |*|.-- ...%........ |.|- |)......-- |.| ---.|. |.| --.-- |...| --.-- |.| |.--- --- |...|--.-- ---.--.%<| |......| ---...-- |..- --- Perris the Initiate Experience level: 6 Strength: 18/01 Dexterity: 12 Constitution: 9 Intelligence: 8 Wisdom: 15 Charisma: 11 Health: 0(37) Energy: 44(44) Def: 9 Gold: 408 Moves: 1439 Dungeon seed: yRukCWsXvQUAkUxw Game ID: Perris_1496778353 Your Inventory: Coins $ - 408 gold pieces Weapons Q - a cursed -1 thirsty dagger U - 14 +0 darts Armor e - an uncursed +2 pair of leather gloves (being worn) n - an uncursed +1 robe (being worn) r - an uncursed +0 dwarvish cloak y - a cursed -1 dwarvish iron helm (being worn) z - an uncursed +0 pair of iron shoes (being worn) Comestibles f - 3 uncursed food rations g - 5 uncursed apples (in quiver) h - an uncursed orange i - 2 uncursed fortune cookies m - an uncursed lichen corpse Scrolls b - an uncursed scroll of identify k - an uncursed scroll of blank paper s - an uncursed scroll of light Z - a blessed scroll of destroy armor Spellbooks a - a blessed spellbook of sleep q - an uncursed spellbook of force bolt Potions c - a blessed potion of healing d - an uncursed potion of healing u - a cursed potion of levitation V - an uncursed potion of full healing Wands t - a wand of make invisible (0:5) C - a wand of striking (0:8) W - a wand of make invisible (0:0) Tools j - an uncursed oil lamp (0:1432) o - an uncursed skeleton key v - an uncursed towel w - 14 uncursed tallow candles (0:200) B - an uncursed leash D - a +0 pick-axe E - 5 cursed wax candles (0:400) J - a blessed partly used wax candle (lit) (0:298) O - 3 uncursed wax candles (0:400) T - an uncursed sack X - an uncursed blindfold Gems L - 2 uncursed worthless pieces of red glass N - an uncursed worthless piece of white glass P - 2 uncursed worthless pieces of green glass Y - an uncursed fluorite stone Contents of the sack: an uncursed food ration Spells and supernatural/magical abilities: Name Level Category Fail Memory z - sleep 1 enchantment 0% 93% W - pray for help -- divine ? -- Your skills at the end: Fighting Skills martial arts [Skilled] wands [Basic] Weapon Skills Spellcasting Skills healing spells [Basic] Final Attributes: You were piously aligned. You were sleep resistant. You were poison resistant. You had wounded legs. You saw invisible. You were stealthy. You were fast. You are dead. Vanquished creatures: a tengu an ochre jelly a wraith a gnome king a dwarf lord 5 gnome lords a gnomish wizard a giant ant a kitten 12 dwarves a centipede 2 coyotes 2 hobbits a giant rat a yellow mold a red mold 35 gnomes 2 jackals 2 foxes 2 goblins a grid bug a lichen 3 newts 79 creatures vanquished. Voluntary challenges: You were vegetarian. You were an atheist. You never hit with a wielded weapon. You read items or engraved 5 times, starting on turn 329. You never genocided any monsters. You never polymorphed an object. You never changed form. You used no wishes. You never split a pudding. You never wrote Elbereth's name. You never violated your personal moral code. Dungeon overview: The Dungeons of Doom: levels 1 to 4 Level 1 a long staircase Level 2 Level 3 an armor shop, some fountains Level 4 some fountains stairs to The Gnomish Mines The Gnomish Mines: levels 5 to 11 Level 5 stairs to The Dungeons of Doom Level 6 Level 7 Level 9 Level 10 Level 11 <- You were here History has recorded: On T:1 you entered the Dungeons of Doom to retrieve the Amulet of Yendor! On T:249 you reached level 2 of The Dungeons of Doom. On T:347 you advanced to experience level 2. On T:380 you reached level 3 of The Dungeons of Doom. On T:560 you reached level 4 of The Dungeons of Doom. On T:627 you advanced to experience level 3. On T:672 you reached level 1 of The Gnomish Mines. On T:688 you advanced to experience level 4. On T:857 you reached level 2 of The Gnomish Mines. On T:859 you advanced to experience level 5. On T:1031 you reached level 3 of The Gnomish Mines. On T:1034 you advanced to experience level 6. On T:1121 you reached level 5 of The Gnomish Mines. On T:1217 you reached level 6 of The Gnomish Mines. On T:1335 you reached level 7 of The Gnomish Mines. Score breakdown: Gold: 408 ( 8884 points) Experience: 6 levels (12456 points) Exploration: 11 levels ( 22.45%) (13693 points) Discoveries: 6 items ( 2.13%) ( 4375 points) Valuables value: (no points given unless you survive) Artifact value: 0 ( 0 points) Variety of kills: 23 monsters ( 6.01%) ( 7351 points) Turncount: 1439 turns ( 0 points) Survival: died (score multiplied by 80%) Total score: 37407 Latest messages: There are a few objects here. You are almost hit by a dagger. You kill the dwarf! You have a little trouble lifting $ - 33 gold pieces. There are several more objects here. You see here an arrow. An arrow shoots out at you! You are almost hit by an arrow. One of your legs feels somewhat better. Please move the cursor to an unknown object. An ochre jelly on the floor of a room. Done. You hit the ochre jelly! You are splashed by the ochre jelly's acid! Your robe is not affected. The ochre jelly just misses! You kill the ochre jelly! You are splashed by its acid! You die... Final status: Goodbye Perris the Monk, killed by an ochre jelly... You died in The Gnomish Mines on dungeon level 11 with 37407 points, and 408 pieces of gold, after 1439 moves. You were level 6 with a maximum of 37 hit points when you died.